 Dungeon Crawl Stone Soup version 0.32-a0-450-g080537f31e (webtiles) character file.

Game seed: 13557388139492877892

42 Bravepunisher the Ducker (level 3, 0/19 HPs)
             Began as a Spriggan Monk on Feb 23, 2024.
             Slain by Prince Ribbit (16 damage)
             ... on level 6 of the Dungeon.
             The game lasted 00:03:29 (922 turns).

Bravepunisher the Ducker (Spriggan Monk)             Turns: 922, Time: 00:03:30

Health: 0/19       AC:  2    Str:  7    XL:     3   Next: 33%
Magic:  4/4        EV: 20    Int: 11    God:
Gold:   86         SH:  0    Dex: 19    Spells: 2/2 levels left

rFire   . . .        a - +0 short sword
rCold   . . .        (no shield)
rNeg    . . .        b - +0 robe
rPois   .            (helmet restricted)
rElec   .            (no cloak)
rCorr   .            (gloves unavailable)
SInv    +            (boots unavailable)
Will    .....        (no amulet)
Stlth   ++           (no ring)
HPRegen 0.23/turn    (no ring)
MPRegen 0.09/turn

%: no passive effects
@: very quick
A: very small, no large weapons, unfitting armour, see invisible, speed 3
a: no special abilities


You were on level 6 of the Dungeon.
You visited 1 branch of the dungeon, and saw 6 of its levels.

You collected 86 gold pieces.

Inventory:

Hand Weapons
 a - a +0 short sword (weapon)
Armour
 b - a +0 robe (worn)
Scrolls
 c - a scroll of revelation {unknown}
 d - a scroll of identify {unknown}
 e - a scroll of fog {unknown}


   Skills:
 + Level 2.9 Fighting
 - Level 3.2 Short Blades
 * Level 5.3 Dodging


You had 2 spell levels left.
You didn't know any spells.
Your spell library was empty.

Dungeon Overview and Level Annotations

Branches:
Dungeon (6/15)
 Temple: D:4-7

Altars:
Cheibriados
Gozag
Sif Muna
Wu Jian

Shops:
D:6 *

Annotations:
D:6 Maggie, Prince Ribbit


Innate Abilities, Weirdness & Mutations

You are very small and have problems with some larger weapons.
You are too small for most types of armour.
You have supernaturally acute eyesight. (SInv)
You cover ground extremely quickly. (Speed+++)


Message History

You climb downwards.
Level annotation: Maggie
Found Noqiv's Assorted Antiques.
Found a stone staircase leading up.
There is a stone staircase leading up here.
Found 16 gold pieces.
The ufetubus shouts!
The ufetubus barely misses you. The ufetubus misses you.
The ufetubus slips past you! The ufetubus misses you.
The ufetubus barely misses you. The ufetubus barely misses you.
The ufetubus misses you.
An ufetubus breaks down the door.
The ufetubus barely misses you. The ufetubus misses you.
There is a stone staircase leading up here.
The ufetubus closely misses you. x2
You climb upwards.
Found a scroll labelled ZIEZEGR UGGONAUW.
There is a stone staircase leading down here.
A gnoll comes into view. It is wielding a +0 halberd.
Found an escape hatch in the floor.
c - a scroll labelled ZIEZEGR UGGONAUW A gnoll comes into view.
It is wielding a +0 club. 2 gnolls come into view.
The gnoll shouts! x2
There is an escape hatch in the floor here.
You slide downwards.
The hatch slams shut behind you.
Level annotation: Maggie Prince Ribbit gives a loud, deep croak!
The ufetubus shouts! x2
The ufetubus hits you. The ufetubus closely misses you.
Prince Ribbit blinks!
The ufetubus misses you. The ufetubus closely misses you.
Found 2 gold pieces and a robe.
Found an escape hatch in the floor.
The ufetubus attacks as it pursues you! The ufetubus hits you.
The ufetubus misses you.
Prince Ribbit blinks!
The ufetubus misses you. The ufetubus barely misses you.
The ufetubus attacks as it pursues you! The ufetubus misses you. x2
The ufetubus attacks as it pursues you! The ufetubus barely misses you.
The ufetubus closely misses you.
Found 13 gold pieces, 7 stones and a pair of gloves.
Prince Ribbit hits you!
Ouch! That really hurt!
You die...

#.'''55<#
#.#.....#.#
###.......#.#
#.<....#..#.#
######....#.#
.......###
.......$..
######...######
#...@......$
#..5F......(
####..5.......[
#.........$....
#....>.........
#..............
#Y.............
...[............
........ยง.......


You could see Prince Ribbit, an ice beast and 2 ufetubi.

Vanquished Creatures
  A hound (D:6)
  An adder (D:6)
  A goblin (D:4)
  A ball python (D:4)
  A rat (D:3)
5 creatures vanquished.

Notes
Turn   | Place    | Note
-------+----------+-------------------------------------------
     0 | D:1      | Bravepunisher the Spriggan Monk began the quest for the
                  | Orb.
     0 | D:1      | Reached XP level 1. HP: 11/11 MP: 2/2
   137 | D:3      | Found a shimmering blue altar of Sif Muna.
   139 | D:3      | Noticed a hound
   232 | D:4      | Noticed an ogre
   378 | D:4      | Found a snail-covered altar of Cheibriados.
   447 | D:5      | Entered Level 5 of the Dungeon
   462 | D:5      | Found an opulent altar of Gozag.
   515 | D:5      | Noticed a kobold brigand
   572 | D:6      | Reached XP level 2. HP: 12/16 MP: 3/3
   614 | D:6      | Reached skill level 5 in Dodging
   614 | D:6      | Reached XP level 3. HP: 6/19 MP: 4/4
   690 | D:6      | Noticed Maggie
   788 | D:5      | Found an ornate altar of the Wu Jian Council.
   825 | D:6      | Found Noqiv's Assorted Antiques.
   919 | D:6      | Noticed Prince Ribbit
   919 | D:6      | Noticed an ice beast
   922 | D:6      | Slain by Prince Ribbit

Illustrated notes

Levels and vault maps discovered:
D:1:      dpeg_arrival_orchard, layout_loops_ring, serial_shops, shop,
          shapermc_ecumenical_altar_flowoftime, minmay_tall_x
D:2:      layout_basic, basic_altar, uniq_natasha, uniq_jessica
D:3:      layout_basic, lemuel_tele_altar
D:4:      minmay_evil_eye, layout_loops_cross,
          nemelex_xobeh_ov_fountains_minmay, kennysheep_little_box,
          portal_sewer_entry_d, uniq_sigmund
D:5:      layout_basic, general_overflow_altar, nicolae_gozag_seed_capital,
          nrook_uturn
D:6:      layout_basic, serial_shops, nicolae_shop_tiny_real_fake_doors,
          uniq_maggie, uniq_menkaure, uniq_prince_ribbit1

Skill      XL: |  1  2 |
---------------+-------+-----
Dodging        | 5 |  5.3
Fighting       | |  2.9
Short Blades   | |  3.2

Action                     || total
---------------------------++-------
  Melee: Short sword       ||    54
    Use: Potion            ||     1
   Stab: Sleeping          ||     1
 Armour: Robe              ||    24
  Dodge: Dodged            ||    65

Table legend: (Time is in decaauts)
 A = Elapsed time spent in this place.
 B = Non-inter-level travel time spent in this place.
 C = Inter-level travel time spent in this place.
 D = Time resting spent in this place.
 E = Time spent auto-exploring this place.
 F = Levels seen in this place.
 G = Mean time per level.
                   A        B        C        D        E       F      G
               +--------+--------+--------+--------+--------+-----+--------+
         Total |    617 |    602 |     15 |      3 |    223 |   6 |  102.8 |
       Dungeon |    617 |    602 |     15 |      3 |    223 |   6 |  102.8 |
               +--------+--------+--------+--------+--------+-----+--------+

Top non-repeatable levels by time:
     D:4: 172 daAuts
     D:5: 170 daAuts
     D:6: 161 daAuts
     D:2: 46 daAuts
     D:3: 42 daAuts
     D:1: 24 daAuts
